Map: Magannatha LE

Players

noobsaibot

  • Race: Terran Terran
  • League: Master
  • Spawn Location: 5:00

ManlyManMeat - Winner!

  • Race: Zerg Zerg
  • League: Diamond
  • Spawn Location: 11:00

VOD

Have the link to the VOD?

Description

Time

  • Played on: June 29, 2025, 1:16 p.m.
  • Length: 5:37
Show
View Real Time Build Order
Export as new Build Order

noobsaibot Terran 

Build Orders:  

Get SALT Encoding   

  12  0:00  SCV  
  14  0:14  SCV  
  14  0:19  Supply Depot  
  14  0:35  SCV  
  15  0:45  Refinery  
  15  0:47  SCV  
  16  0:59  SCV  
  17  1:05  Barracks  
  17  1:06  Barracks  
  18  1:11  SCV  
  18  1:16  Refinery  
  18  1:28  Supply Depot  
  18  1:35  Supply Depot  
  18  1:38  SCV  
  19  2:01  Reaper x2  
  21  2:11  Factory  
  21  2:22  Orbital Command  
  21  2:34  Reaper x2  
  22  3:05  Factory Reactor  
  22  3:06  Reaper x2, SCV  
  25  3:18  SCV  
  26  3:30  SCV  
  25  4:00  SCV  
  26  4:05  Hellion x2  
  26  4:06  Starport  
  30  4:12  SCV  
  29  4:18  Supply Depot  
  29  4:19  Supply Depot  
  28  4:32  Hellion x2  
  28  4:35  Command Center, SCV  
  33  4:41  Starport  
  33  4:44  Starport Tech Lab  
  33  4:47  SCV  
  33  4:51  Fusion Core  
  27  5:11  Command Center  
  27  5:18  Starport Tech Lab  
Show
View Real Time Build Order
Export as new Build Order

ManlyManMeat Zerg - Winner!

Build Orders: Hatch First 

Get SALT Encoding   

  12  0:00  Drone  
  13  0:08  Drone  
  14  0:18  Drone, Extractor  
  15  0:22  Overlord  
  15  0:40  Drone x2  
  17  0:53  Hatchery  
  17  0:54  Drone  
  17  1:06  Drone  
  17  1:10  Extractor  
  17  1:12  Spawning Pool  
  17  1:17  Drone  
  17  1:23  Drone  
  18  1:35  Drone  
  18  1:39  Drone  
  20  1:57  Overlord  
  20  2:03  Queen  
  20  2:05  Queen  
  20  2:06  Zergling x4  
  26  2:15  Zergling x2  
  27  2:17  Metabolic Boost  
  27  2:30  Drone x2  
  27  2:31  Drone  
  30  2:40  Queen  
  32  2:47  Spore Crawler  
  31  2:54  Drone x3  
  31  2:55  Overlord  
  34  3:21  Zergling x4  
  34  3:22  Zergling x6  
  34  3:25  Drone x4  
  42  3:27  Hatchery  
  40  3:53  Zergling x2  
  40  3:54  Zergling x6, Overlord  
  44  3:57  Overlord  
  44  4:04  Baneling Nest, Evolution Chamber  
  41  4:21  Zergling x14  
  48  4:27  Drone x2  
  50  4:31  Lair  
  50  4:36  Drone, Extractor  
  49  4:57  Drone x9  
  58  5:07  Baneling x5  
  58  5:10  Drone x4  
  62  5:19  Drone  
  62  5:20  Drone  
  61  5:36  Hatchery  
Tags
 
Matchup
TvZ
Replay Pack
Myownreplay2
Spawn Locations
Cross Positions
Add a new tag
Caveats
  • Supply blocks, unpowered buildings, or Contaminate may cause inaccurate times.
  • Supply counts are checked every 10 seconds.